 Dungeon Crawl Stone Soup version 0.13-a0-1590-g33f0eee (webtiles) character file.

139 Impy the Ducker (level 4, 35/35 HPs)
             Began as a Demonspawn Gladiator on June 11, 2013.
             Quit the game on Level 2 of the Dungeon on June 13, 2013.
             The game lasted 00:04:29 (1489 turns).

Impy the Ducker (Demonspawn Gladiator)              Turns: 1489, Time: 00:04:29

HP  35/35        AC  5     Str 15      XL: 4   Next: 20%
MP   3/3         EV 12     Int 11      God:
Gold 58          SH  0     Dex 13      Spells:  0 memorised,  3 levels left

Res.Fire  : . . .   See Invis. : .   a - +0 trident
Res.Cold  : . . .   Warding    : .   b - +0 leather armour
Life Prot.: . . .   Conserve   : .   (no shield)
Res.Poison: .       Res.Corr.  : .   c - +0 helmet
Res.Elec. : .       Clarity    : .   (no cloak)
Sust.Abil.: . .     Spirit.Shd : .   (no gloves)
Res.Mut.  : .       Stasis     : .   (no boots)
Res.Rott. : .       Flight     : .   (no amulet)
Saprovore : . . .                    (no ring)
                                     (no ring)

@: hasted, very quick, slightly resistant to hostile enchantments, very
unstealthy
A: spiny 1, AC +1
a: no special abilities


You were on level 2 of the Dungeon.
You were not hungry.

You visited 1 branch of the dungeon, and saw 2 of its levels.

You collected 38 gold pieces.

Inventory:

Hand weapons
 a - a +0,+0 trident (weapon)
Missiles
 d - 4 throwing nets (quivered)
Armour
 b - a +0 leather armour (worn)
 c - a +0 helmet (worn)
Comestibles
 f - 2 bread rations
 m - a meat ration
Scrolls
 e - a scroll of remove curse {unknown}
 k - a scroll of identify
 l - a scroll of enchant weapon II
Potions
 i - 2 potions of restore abilities
 n - a potion of cure mutation


   Skills:
 - Level 2.0 Fighting
 + Level 3.6 Polearms
 - Level 1.7 Throwing
 + Level 3.8 Dodging


You had 3 spell levels left.
You didn't know any spells.

Dungeon Overview and Level Annotations

Branches:
Dungeon (2/27)

Altars:


Innate Abilities, Weirdness & Mutations

You are partially covered in molten scales (AC +1).
You are partially covered in sharp spines.


Message History

Magic courses through your body.
It was a potion of magic.
Drink which item? (? for menu, Esc to quit)
It has a very clean taste.
It was a potion of cure mutation.
Drink which item? (? for menu, Esc to quit)
You suddenly lose the ability to move!
It was a potion of paralysis.
You can move again.
Read which item? (? for menu, Esc to quit)
As you read the scroll labeled XOUG HEZUOMY, it crumbles to dust.
Nothing appears to happen.
Read which item? (? for menu, Esc to quit)
Nothing appears to happen.
Read which item? (? for menu, Esc to quit)
As you read the scroll labeled KIQIVO CUIST, it crumbles to dust.
Use on which item? (\ to view known items) (? for menu, Esc to quit)
l - a scroll of enchant weapon II It was a scroll of identify.
Saving game... please wait.
Welcome back, Impy the Demonspawn Gladiator.
Press ? for a list of commands and other information.
Are you sure you want to abandon this character and quit the game? (Confirm with "yes".)

....# #.....# ....# #####.###
...%# #...... ....# ##.#.###
....# ##### #..>.... ....####
#...# #...##.# .......# #...#
#...##.# ....##.# #...# #...##.#
....##.### ####@..# #.#.##.#
######...####......#######.......
.........'%........+.............
.##......####.#....#####.#.#.##..
.##....##...#.#.#### #.###.....
.##.>.....###+#+#### #%# #.....
..........<........#####.# #.....
###.##..####.......'.....# #....#
###.(......#.......####.%###....#


There were no monsters in sight!

Vanquished Creatures
  2 adders (D:2)
  2 worms (D:2)
  4 giant geckos
  8 bats
  3 giant cockroaches
  6 hobgoblins
  A ball python (D:1)
  2 giant newts (D:1)
  6 goblins
  8 kobolds
  6 rats
48 creatures vanquished.

Vanquished Creatures (others)
  2 goblins (D:2)
2 creatures vanquished.

Grand Total: 50 creatures vanquished

Notes
Turn   | Place    | Note
--------------------------------------------------------------
     0 | D:1      | Impy, the Demonspawn Gladiator, began the quest for the Orb.
     0 | D:1      | Reached XP level 1. HP: 17/17 MP: 0/0
   180 | D:1      | Reached skill level 3 in Dodging
   187 | D:1      | Gained mutation: You are partially covered in sharp spines. [demonic ancestry]
   187 | D:1      | Reached XP level 2. HP: 17/23 MP: 1/1
   576 | D:1      | Reached XP level 3. HP: 25/28 MP: 2/2
  1249 | D:2      | Gained mutation: You are partially covered in molten scales (AC +1). [demonic ancestry]
  1249 | D:2      | Reached XP level 4. HP: 26/35 MP: 3/3
  1481 | D:2      | Paralysed by a potion of paralysis for 4 turns
  1489 | D:2      | Upgraded the game from 0.13-a0-1577-g2bae144 to 0.13-a0-1590-g33f0eee
  1489 | D:2      | Quit the game

Action                   |  1- 3 |  4- 6 || total
-------------------------+-------+-------++-------
Melee: Trident           |   151 |    21 ||   172
  Use: Potion            |       |     5 ||     5
       Scroll            |       |     3 ||     3
